Map: Newkirk Precinct TE (Void)

Players

Cuddlebear - Winner!

  • Race: Terran Terran
  • Spawn Location: 7:00

ZergGirl

  • Race: Zerg Zerg
  • Spawn Location: 5:00

Event: WCS Austin 2017

VOD

Have the link to the VOD?

Description

Time

  • Played on: April 28, 2017, 1:48 p.m.
  • Length: 7:59

All games in this series

Show
View Real Time Build Order
Export as new Build Order

Cuddlebear Terran - Winner!

Build Orders: Cyclone Opening, Reaper Expand 

Get SALT Encoding   

  12  0:01  SCV  
  13  0:13  SCV  
  14  0:18  Supply Depot  
  14  0:25  SCV  
  15  0:29  Refinery  
  15  0:39  SCV  
  16  0:46  Barracks  
  16  0:51  SCV  
  17  1:04  SCV  
  18  1:16  SCV  
  19  1:33  Reaper, Orbital Command  
  20  1:45  Command Center  
  20  1:55  Factory  
  20  1:59  SCV  
  21  2:05  Barracks Reactor  
  21  2:11  Refinery, SCV  
  22  2:18  Supply Depot  
  22  2:23  SCV  
  23  2:34  Barracks  
  23  2:35  SCV  
  23  2:36  Bunker  
  23  2:40  Cyclone  
  23  2:43  Marine x2  
  28  2:46  Bunker  
  28  2:51  Supply Depot  
  28  3:01  Marine x2  
  31  3:08  Supply Depot  
  30  3:14  Starport  
  30  3:21  Marine x2  
  32  3:30  Cyclone  
  32  3:32  Marine  
  37  3:46  Supply Depot  
  37  3:47  Supply Depot  
  36  4:07  Marine x2, SCV, Starport Tech Lab  
  36  4:08  Factory Reactor  
  36  4:09  Marine  
  40  4:24  Command Center  
  40  4:31  Marine x2  
  42  4:38  Raven  
  44  4:49  Cloaking Field  
  44  4:52  Hellion  
  46  4:58  SCV  
  47  5:05  Supply Depot  
  41  5:09  Supply Depot, Marine  
  41  5:10  SCV  
  43  5:15  Hellion  
  44  5:22  Marine  
  45  5:29  Marine  
  45  5:33  Hellion  
  45  5:35  Banshee  
  52  5:36  Hellion  
  55  5:44  Barracks Tech Lab, Marine  
  55  5:48  Supply Depot  
  54  5:53  Orbital Command  
  54  5:55  Marine  
  55  6:04  Marine, SCV  
  57  6:12  Marine  
  57  6:16  SCV  
  59  6:21  Engineering Bay  
  59  6:23  Supply Depot  
  59  6:24  SCV  
  60  6:30  SCV  
  61  6:32  Marine  
  61  6:36  Marine, SCV  
  61  6:37  Marine  
  65  6:40  Medivac  
  65  6:42  Medivac  
  69  6:53  SCV  
  70  6:55  Marine x2  
  70  6:56  SCV  
  70  7:00  Supply Depot  
  73  7:11  Marine  
  73  7:13  Marine  
  73  7:14  Marine  
  76  7:22  Bunker  
  79  7:23  SCV  
  79  7:28  Supply Depot  
  80  7:33  Marine  
  81  7:38  Factory Tech Lab, Marine  
  81  7:39  SCV  
  81  7:42  SCV  
  81  7:43  Barracks  
  86  7:44  Supply Depot  
  86  7:56  Supply Depot  
Show
View Real Time Build Order
Export as new Build Order

ZergGirl Zerg 

Build Orders: Pool First 

Get SALT Encoding   

  12  0:01  Drone  
  13  0:11  Drone  
  14  0:28  Spawning Pool  
  13  0:30  Drone  
  14  0:36  Extractor  
  14  0:37  Drone  
  14  0:45  Drone, Extractor  
  15  0:51  Overlord  
  15  1:17  Queen, Roach Warren  
  16  1:22  Drone  
  17  1:27  Drone  
  18  1:35  Overlord  
  18  1:58  Roach x3  
  24  2:10  Drone  
  25  2:23  Drone  
  26  2:36  Drone, Overlord  
  27  2:48  Hatchery  
  27  2:51  Ravager x3  
  29  3:00  Queen  
  29  3:03  Overlord  
  31  3:09  Drone  
  32  3:22  Drone x2  
  35  3:34  Drone, Metabolic Boost  
  35  3:44  Zergling x4  
  35  3:45  Zergling x2  
  38  3:55  Zergling x2  
  36  4:03  Zergling x4  
  35  4:11  Zergling x2  
  36  4:18  Zergling x2  
  36  4:23  Zergling x2  
  35  4:28  Zergling x2  
  36  4:36  Zergling x4  
  38  4:39  Zergling x6  
  38  4:45  Zergling x2  
  41  4:50  Zergling x4  
  41  4:51  Zergling x2  
  41  4:52  Overlord  
  39  5:06  Evolution Chamber  
  37  5:07  Drone x2  
  37  5:08  Drone x4  
  43  5:20  Hatchery  
  41  5:25  Extractor  
  39  5:30  Drone x2  
  39  5:31  Drone x4  
  39  5:35  Queen  
  47  5:42  Drone x4  
  51  5:49  Zerg Missile Weapons Level 1  
  51  6:14  Overlord  
  51  6:15  Overlord  
  51  6:17  Drone x3  
  51  6:22  Overlord x2  
  51  6:34  Roach  
  51  6:35  Roach x7  
  51  6:38  Roach  
  69  6:43  Roach  
  69  6:44  Baneling Nest  
  68  6:50  Roach x2  
  73  6:54  Roach  
  71  7:02  Roach  
  71  7:03  Roach  
  73  7:17  Spore Crawler x2  
  73  7:19  Zergling x2  
  73  7:20  Zergling x10  
  77  7:27  Zergling x4  
  77  7:28  Zergling x2  
  72  7:55  Spore Crawler  
Tags
 
Add a new tag
Caveats
  • Supply blocks, unpowered buildings, or Contaminate may cause inaccurate times.
  • Supply counts are checked every 10 seconds.